 Dungeon Crawl Stone Soup version 0.27.1-33-g824d729ab1 (webtiles) character file.

Game seed: 14193558144314086231

406 potato4science the Shield-Bearer (level 7, 0/55 HPs)
             Began as a Formicid Fighter on Dec 26, 2021.
             Slain by an ogre (25 damage)
             ... on level 4 of the Dungeon.
             The game lasted 00:17:27 (5180 turns).

potato4science the Shield-Bearer (Formicid Fighter) Turns: 5180, Time: 00:17:28

Health: 0/55       AC: 12    Str: 21    XL:     7   Next: 12%
Magic:  7/7        EV:  5    Int:  9    God:
Gold:   155        SH: 10    Dex: 10    Spells: 6/6 levels left

rFire    . . .     SeeInvis +   a - +1 war axe
rCold    . . .     Faith    .   c - +0 kite shield
rNeg     . . .     Spirit   .   l - +0 plate armour
rPois    .         Reflect  .   (helmet unavailable)
rElec    .         Harm     .   (no cloak)
rCorr    .         Rampage  .   (no gloves)
Will     .....                  (no boots)
Stlth    ..........             (no amulet)
HPRegen  0.18/turn              (no ring)
MPRegen  0.10/turn              (no ring)

@: no status effects
A: permanent stasis, dig shafts and tunnels, antennae 3, four strong arms
a: Dig, Shaft Self


You were on level 4 of the Dungeon.
You visited 1 branch of the dungeon, and saw 4 of its levels.

You collected 155 gold pieces.

Inventory:

Hand Weapons
 a - a +1 war axe (weapon)
 b - a +0 hunting sling
Missiles
 h - 78 arrows
 k - 6 poisoned darts (quivered)
 o - 115 stones
 r - 10 sling bullets
Armour
 c - a +0 kite shield (worn)
 l - a +0 plate armour (worn)
Wands
 e - a wand of iceblast (5)
Scrolls
 d - a scroll of enchant weapon
 f - a scroll of teleportation {unknown}
 n - a scroll of brand weapon {unknown}
Potions
 i - 5 potions of brilliance
 j - 4 potions of flight
 q - a potion of haste {unknown}
 s - a potion of curing {unknown}


   Skills:
 + Level 4.9 Fighting
 + Level 3.9 Axes
 + Level 5.0 Armour
 + Level 5.4 Shields


You had 6 spell levels left.
You didn't know any spells.
Your spell library contained the following spells:

 Spells                   Type           Power      Damage    Failure   Level
 Sublimation of Blood     Necr           0%         N/A       100%        2
 Wereblood                Tmut           0%         N/A       100%        2
 Summon Hydra             Summ           0%         N/A       100%        7


Dungeon Overview and Level Annotations

Branches:
Dungeon (4/15)
 Temple: D:4-7

Altars:

Shops:
D:1 (   D:3 :![   D:4 ?

Annotations:
D:2 1 runed translucent door, Crazy Yiuf


Innate Abilities, Weirdness & Mutations

You cannot be hasted, slowed, berserked, paralysed or teleported.
You can dig through walls and to a lower floor.
You have a pair of large antennae on your head. (SInv)
Your four strong arms can wield two-handed weapons with a shield.


Message History

r - 10 sling bullets (gained 3)
You see here a +0 mace.
An ogre comes into view. It is wielding a +0 giant spiked club.
You throw a poisoned dart. The poisoned dart hits the ogre.
The ogre is poisoned.
The ogre shouts!
You throw a poisoned dart.
The poisoned dart barely misses the ogre.
You throw a poisoned dart.
The poisoned dart barely misses the ogre.
You throw a poisoned dart.
The poisoned dart closely misses the ogre.
You throw a poisoned dart. The poisoned dart hits the ogre.
The ogre is lightly wounded.
b - a +0 hunting sling (weapon)
The ogre hits you with a +0 giant spiked club.
Really attack while wielding your +0 hunting sling? [Y]es or [N]o only, please.
Really attack while wielding your +0 hunting sling? [Y]es or [N]o only, please.
Really attack while wielding your +0 hunting sling? [Y]es or [N]o only, please.
Really attack while wielding your +0 hunting sling? [Y]es or [N]o only, please.
Really attack while wielding your +0 hunting sling? [Y]es or [N]o only, please.
Really attack while wielding your +0 hunting sling? [Y]es or [N]o only, please.
Really attack while wielding your +0 hunting sling? [Y]es or [N]o only, please.
Really attack while wielding your +0 hunting sling?
Okay, then.
a - a +1 war axe (weapon)
You barely miss the ogre.
The ogre is lightly wounded.
The ogre hits you with a +0 giant spiked club!!
You slash the ogre!
The ogre is severely wounded.
The ogre hits you with a +0 giant spiked club!!
You die...

#######... #### #... ..#
### ##.. ... ..# #.# #.#
#.# #.. #.# #.# ###
##.###.#### #.
##.####....)....# #.
.......@.###.##.# #.
#.....O)####.##.# #####.
#....(...#...<..###..[.<
#......#.#..#....).....†
#..(... .#....#.###.....
#...... ##{##...# #####.
((..... #. #.#.# #.....
#...... #. #.#.# #.##..
#. ....# #.##..


You could see an ogre (poisoned).

Vanquished Creatures
  An ogre (D:3)
  A centaur zombie (D:3)
  An orc priest (D:4)
  An iguana (D:4)
  2 orc wizards (D:4)
  2 hound skeletons (D:4)
  5 adders
  3 adder skeletons
  3 worms (D:2)
  A dart slug (D:3)
  3 orcs
  6 bats
  9 endoplasms
  9 giant cockroaches
  2 goblins
  9 hobgoblins
  7 jackals
  7 quokkas
  9 ball pythons
  2 frilled lizards (D:2)
  A jackal skeleton (D:3)
  3 kobolds
  A quokka skeleton (D:4)
  A quokka zombie (D:3)
  7 rats
96 creatures vanquished.

Vanquished Creatures (others)
  A withered plant (D:3)
1 creature vanquished.

Grand Total: 97 creatures vanquished

Notes
Turn   | Place    | Note
-------+----------+-------------------------------------------
     0 | D:1      | potato4science the Formicid Fighter began the quest for the
                  | Orb.
     0 | D:1      | Reached XP level 1. HP: 18/18 MP: 1/1
   244 | D:1      | Reached XP level 2. HP: 24/24 MP: 2/2
   559 | D:1      | Found a faded altar of an unknown god.
   697 | D:1      | Reached XP level 3. HP: 28/29 MP: 3/3
   886 | D:1      | Found Plog's Antique Weapon Emporium.
  1600 | D:2      | Reached XP level 4. HP: 37/37 MP: 4/4
  2428 | D:2      | Found a runed translucent door.
  2429 | D:2      | Noticed Crazy Yiuf
  2508 | D:2      | Reached XP level 5. HP: 37/42 MP: 5/5
  2708 | D:3      | Found Qofitt's Distillery.
  2931 | D:3      | Found Xerimoc's Book Boutique.
  3423 | D:3      | Found Riku's Antique Armour Emporium.
  3555 | D:3      | Noticed an ogre
  3565 | D:3      | Killed an ogre
  3566 | D:3      | Reached skill level 5 in Shields
  3566 | D:3      | Reached XP level 6. HP: 16/49 MP: 6/6
  4385 | D:4      | Found Xacu Asu's Magic Scroll Boutique.
  4950 | D:4      | Reached XP level 7. HP: 51/55 MP: 7/7
  4968 | D:4      | Reached skill level 5 in Armour
  5180 | D:4      | Slain by an ogre

Illustrated notes

Levels and vault maps discovered:
D:1:      ebering_trefoil_3fold, layout_rooms, serial_shops,
          nicolae_square_shop, dreamdust_ecumenical_altar_angels_and_demons,
          item_on_display_a
D:2:      layout_loops_corners, minmay_tetromino_i4, uniq_crazy_yiuf_cottage
D:3:      layout_loops_corners, serial_shops, nicolae_square_shop,
          nicolae_diamond_shop, shop_fountains, serial_undead, serial_undead_a,
          serial_undead_f, serial_undead_b, serial_undead_d,
          hangedman_decor_growths
D:4:      layout_loops_cross, serial_shops, nicolae_lakefront_shop,
          minmay_curled_crystal

Skill      XL: |  1  2  3  4  5  6  7 |
---------------+----------------------+-----
Shields        | 4 5 |  5.4
Armour         | 4 5 |  5.0
Fighting       | 4 |  4.9
Axes           | 3 |  3.9

Action                   |  1- 3 |  4- 6 |  7- 9 || total
-------------------------+-------+-------+-------++-------
Melee: War axe           |   103 |   135 |    28 ||   266
 Fire: Hunting sling     |       |    38 |     1 ||    39
Throw: Stone             |    40 |    76 |       ||   116
       Dart              |       |     4 |     5 ||     9
 Abil: Dig               |     2 |       |       ||     2
  Use: Potion            |       |     1 |       ||     1
       Scroll            |       |    10 |       ||    10
Armor: Scale mail        |     3 |       |       ||     3
       Chain mail        |    56 |       |       ||    56
       Plate armour      |       |    83 |    21 ||   104
Dodge: Dodged            |    23 |    21 |     7 ||    51
Block: Kite shield       |    55 |    66 |    12 ||   133
